 Dungeon Crawl Stone Soup version 0.30-b1-2-g02819fbbbe (webtiles) character file.

Game seed: 5121497856290350539

96652 magipi the Geomancer (level 16, 0/97 HPs)
             Began as a Gargoyle Earth Elementalist on May 29, 2023.
             Was a High Priest of Vehumet.
             Slain by a +6 battleaxe of flaming (2 damage)
             ... on level 1 of the Elven Halls.
             The game lasted 02:03:21 (29597 turns).

magipi the Geomancer (Gargoyle Earth Elementalist) Turns: 29597, Time: 02:03:22

Health: 0/97       AC: 26    Str: 13    XL:     16   Next: 17%
Magic:  34/39      EV: 13    Int: 26    God:    Vehumet [*****.]
Gold:   1766       SH:  3    Dex: 10    Spells: 14/35 levels left

rFire   . . .        b - +4 demon trident (drain)
rCold   . . .        x - +0 buckler
rNeg    + . .        f - +2 robe {Will+}
rPois   ∞            T - +2 hat {Int+3}
rElec   +            Z - +2 cloak {Stlth+}
rCorr   .            I - +0 pair of gloves
SInv    .            R - +2 pair of boots {Fly}
Will    +++..        r - amulet of the acrobat
Stlth   +++++        v - ring of magical power
HPRegen 0.36/turn    m - ring of willpower
MPRegen 0.26/turn

%: acrobat
@: flying
A: sickness immunity, AC +12, big wings, negative energy resistance 1,
electricity resistance, torment resistance 1, petrification resistance
a: Renounce Religion


You were on level 1 of the Elven Halls.
You worshipped Vehumet.
Vehumet was extremely pleased with you.
You visited 5 branches of the dungeon, and saw 24 of its levels.
You also visited: Sewer, Bailey and Ice Cave.

You collected 2704 gold pieces.
You spent 938 gold pieces at shops.

Inventory:

Hand Weapons
 a - a +2 dagger of draining
   (You took it off an orc on level 2 of the Orcish Mines)
 b - a +4 demon trident of draining (weapon)
   (You took it off Urug on level 10 of the Dungeon)
 K - the +2 falchion of Greed {holy, rPois rC+}
   (You found it on level 4 of the Dungeon)

   rC:        It protects you from cold.
   rPois:     It protects you from poison.
Missiles
 o - 5 boomerangs
 E - 3 throwing nets
Armour
 f - a +2 robe of willpower (worn)
   (You found it on level 1 of the Dungeon)
 x - a +0 buckler (worn)
   (You took it off a deep elf knight on level 1 of the Elven Halls)
 I - a +0 pair of gloves (worn)
   (You found it on level 5 of the Dungeon)
 R - a +2 pair of boots of flying (worn)
   (You found it in a bailey)
 T - a +2 hat of intelligence (worn)
   (You took it off Gastronok on level 10 of the Dungeon)
 X - the +2 robe of Goupiogiq {rC++}
   (You found it on level 13 of the Dungeon)

   rC:        It greatly protects you from cold.
 Z - a +2 cloak of stealth (worn)
   (You found it on level 14 of the Dungeon)
Jewellery
 m - a ring of willpower (right hand)
   (You found it on level 10 of the Dungeon)
 r - an amulet of the acrobat (around neck)
   (You found it on level 5 of the Dungeon)
 v - a ring of magical power (left hand)
   (You found it on level 3 of the Dungeon)
 w - an amulet of faith
   (You took it off a deep elf knight on level 1 of the Elven Halls)
Wands
 d - a wand of digging (6)
   (You found it on level 10 of the Dungeon)
 u - a wand of flame (41)
   (You found it on level 3 of the Dungeon)
 L - a wand of iceblast (19)
   (You found it on level 7 of the Dungeon)
 N - a wand of polymorph (1)
   (You found it on level 11 of the Dungeon)
Scrolls
 g - 4 scrolls of magic mapping
 j - 7 scrolls of identify
 k - 6 scrolls of immolation
 l - 5 scrolls of fear
 B - 2 scrolls of vulnerability
 D - 3 scrolls of silence
 G - 5 scrolls of enchant weapon
 J - 7 scrolls of teleportation
 P - 5 scrolls of fog
 V - 4 scrolls of poison
Potions
 c - 11 potions of curing
 e - 5 potions of heal wounds
 h - 4 potions of lignification
 i - 2 potions of berserk rage
 s - 4 potions of haste
 t - a potion of mutation
 A - 2 potions of might
 C - 4 potions of resistance
 H - 5 potions of attraction
 S - 3 potions of ambrosia
 Y - a potion of cancellation
Miscellaneous
 n - a phantom mirror
   (You found it on level 4 of the Lair of Beasts)
 p - a lightning rod (4/4)
   (You found it in a sewer)
 W - a phial of floods (inert)
   (You found it on level 12 of the Dungeon)


   Skills:
 - Level 10.0 Fighting
 - Level 6.0 Short Blades
 - Level 4.9(7.7) Axes
 + Level 9.2(9.8) Polearms
 - Level 5.0 Armour
 - Level 6.0 Dodging
 + Level 9.1 Stealth
 - Level 10.0 Spellcasting
 + Level 11.5 Conjurations
 - Level 6.0 Transmutations
 + Level 13.4 Earth Magic
 + Level 8.2 Evocations


You had 14 spell levels left.
You knew the following spells:

 Your Spells              Type           Power      Damage    Failure   Level
e - Sandblast             Erth           100%       2d20      1%          1
l - Lee's Rapid Deconstr  Erth           35%        3d18*     1%          5
s - Stone Arrow           Conj/Erth      100%       3d13      1%          3
w - Passwall              Tmut/Erth      49%        N/A       1%          2
I - Iron Shot             Conj/Erth      33%        9d7       1%          6
P - Petrify               Tmut/Erth      59%        N/A       1%          4

Your spell library contained the following spells:

 Spells                   Type           Power      Damage    Failure   Level
 Eringya's Noxious Bog    Tmut/Pois      14%        N/A       54%         6
 Magic Dart               Conj           100%       1d8       1%          1
 Mephitic Cloud           Conj/Pois/Air  32%        N/A       1%          3
 Fulminant Prism          Conj/Hex       21%        3d12      1%          4
 Animate Armour           Summ/Erth      94%        N/A       4%          4
 Call Imp                 Summ           26%        N/A       10%         2
 Lesser Beckoning         Tloc           26%        N/A       10%         2
 Yara's Violent Unravell  Hex/Tmut       14%        3d7       13%         5
 Gell's Gravitas          Tloc           13%        N/A       19%         3
 Summon Guardian Golem    Hex/Summ       13%        N/A       19%         3
 Teleport Other           Tloc           13%        N/A       19%         3
 Lehudib's Crystal Spear  Conj/Erth      33%        10d9      52%         8
 Silence                  Hex/Air        6%         N/A       87%         5
 Simulacrum               Ice/Necr       6%         N/A       100%        6
 Ozocubu's Refrigeration  Ice            6%         4d8       100%        7
 Polar Vortex             Ice            6%         N/A       100%        9


Dungeon Overview and Level Annotations

Branches:
Dungeon (15/15)            Temple (1/1) D:4            Lair (5/5) D:9
  Swamp (0/4) Lair:2       Spider (0/4) Lair:3        Slime (0/5) Lair:5
    Orc (2/2) D:9             Elf (1/3) Orc:2        Vaults (0/5) D:13
 Depths (0/4) D:15          Sewer (visited)          Bailey (visited)
  IceCv (visited)

Altars:
Ashenzari
Cheibriados
Dithmenos
Elyvilon
Fedhas
Gozag
Hepliaklqana
Kikubaaqudgha
Makhleb
Nemelex Xobeh
Okawaru
Qazlal
Ru
Sif Muna
Trog
Uskayaw
Vehumet
Wu Jian
Xom
Yredelemnul
Zin
The Shining One
Jiyva

Shops:
D:1 *(   D:9 *   D:10 ?   Orc:2 [(??

Portals:
Trove: D:14 (give 5 scrolls of blinking)

Annotations:
D:11 1 runed translucent door, Alarkh's ghost, journeyman DsDe
D:15 2 transporters, SafestHooves's ghost, journeyman CeMo
Lair:3 1 runed translucent door
Lair:4 exclusion: 4 oklob plants
Lair:5 2 runed translucent doors, 2 exclusions


Innate Abilities, Weirdness & Mutations

You are immune to sickness and miasma.
Your stone body is resilient. (AC +12)
You are immune to poison.
Your large and strong wings let you fly.
You resist negative energy. (rN+)
You are resistant to electric shocks. (rElec)
You are resistant to unholy torment.
You are immune to petrification.


Message History

Unknown command.
Unknown command.
Unknown command.
Unknown command.
Casting: Lee's Rapid Deconstruction (mildly dangerous; 1% risk of failure)
Confirm with . or Enter, or press ? or * to list all spells.
You don't have enough magic to cast this spell.
Unknown command.
Unknown command.
You feel much better. The +6 battleaxe of flaming hits you.
The +6 battleaxe of flaming burns you.
Unknown command.
Unknown command.
Magic courses through your body. The +6 battleaxe of flaming hits you!!
* * * LOW HITPOINT WARNING * * *
The +6 battleaxe of flaming burns you!
* * * LOW HITPOINT WARNING * * *
A deep elf zephyrmancer comes into view.
It is wielding a +1 dagger of speed.
The orc high priest prays to Beogh.
Unknown command.
Unknown command.
Unknown command.
Unknown command.
Aiming: Iceblast
Press: ? - help, Shift-Dir - straight line The mass of ice explodes!
The iceblast engulfs the +6 battleaxe of flaming.
The +6 battleaxe of flaming partially resists.
The +6 battleaxe of flaming is almost destroyed.
The iceblast engulfs the sun demon!
The sun demon is frozen!
The sun demon is lightly wounded.
The iceblast engulfs the ice devil.
The ice devil partially resists.
The ice devil is lightly wounded.
The iceblast engulfs the orc high priest!!
The orc high priest is almost dead.
The deep elf zephyrmancer shouts!
The +6 battleaxe of flaming hits you!
* * * LOW HITPOINT WARNING * * *
The +6 battleaxe of flaming burns you.
You die...

#.........).........#.#
###.##........e.....#.##e.
... ##.....#.#####.#.####
### ##...))...........##
###.##.#.###.#.....
#...##...e.........
#.####...○..)...... #.#
####E####.##.#. #.#
#@(o[)..#E# #.#
#...4...#.# ####.#
#.3.....#.##.#. #....#
#.......#...... #.####
#.......####.## #
#.......#E.....
#.......#.##.#.
#########....#. ..###.


You could see an orc high priest, a sun demon (summoned), an ice devil
(summoned), 2 deep elf zephyrmancers, a fire elemental and a +6 battleaxe of
flaming.

Vanquished Creatures
  Gastronok (D:10)
  A deep elf sorcerer (Elf:1)
  An orc warlord (Orc:2)
  A dire elephant (D:15)
  A deep elf annihilator (Elf:1)
  6 hydras
  Erolcha (Orc:1)
  Harold (D:10)
  A catoblepas (Lair:1)
  A caustic shrike simulacrum (IceCv)
  A death yak (Lair:4)
  A centaur warrior (D:14)
  An orc high priest (Orc:2)
  9 dancing weapons
  A boulder beetle (D:12)
  5 two-headed ogres
  A tengu warrior (D:13)
  Urug (D:10)
  Nergalle (D:11)
  4 deep elf knights
  A spriggan simulacrum (IceCv)
  4 bog bodies
  A lindwurm (Lair:4)
  A wizard (D:14)
  4 deep elf zephyrmancers
  2 obsidian statues (IceCv)
  3 orc knights
  4 ugly things
  A salamander (D:15)
  9 deep elf pyromancers
  8 cyclopes
  4 orc sorcerers
  2 wolf spiders
  4 manticores
  22 elephants
  7 black mambas
  A guardian serpent (shapeshifter) (D:13)
  Joseph (D:7)
  16 cane toads
  2 torpor snails
  7 komodo dragons
  3 rime drakes
  9 freezing wraiths
  2 golden dragon simulacra (IceCv)
  A queen bee (Lair:4)
  An ice devil (IceCv)
  3 meliai (Lair:4)
  2 polar bears
  6 trolls
  2 blink frogs (Lair:4)
  Grinder (D:6)
  6 dream sheep
  A hornet (D:7)
  9 slime creatures
  3 wraiths
  An air elemental (Orc:2)
  A dire elephant simulacrum (IceCv)
  A human (Lair:3)
  2 vampires
  A fire elemental (Elf:1)
  6 wyverns
  43 yaks
  8 basilisks
  4 steam dragons
  6 vampire mosquitoes
  A minotaur simulacrum (IceCv)
  Menkaure (D:7)
  An acid dragon (D:6)
  3 wargs
  13 water moccasins
  2 swamp worms (Lair:2)
  3 hydra simulacra (IceCv)
  30 orc warriors
  3 sky beasts
  2 ice beasts (D:6)
  3 black bears
  4 ettin simulacra (IceCv)
  6 ogres
  5 centaurs
  5 wolves
  4 phantoms
  2 kobold brigands
  15 bullfrogs
  3 scorpions
  5 wights (D:6)
  A lindwurm simulacrum (IceCv)
  44 killer bees
  A howler monkey (D:13)
  7 electric eels
  2 jellies
  An iron imp (D:8)
  5 hounds
  23 orc priests
  2 gnoll boudas
  2 iguanas
  27 orc wizards
  2 hell rats (Lair:4)
  10 adders
  22 gnolls
  A shadow imp (D:6)
  A white imp (D:6)
  2 ufetubi
  3 worms
  2 dart slugs (D:4)
  103 orcs
  20 ball pythons
  10 endoplasms
  9 giant cockroaches
  8 hobgoblins
  5 jackals
  11 kobolds
  13 quokkas
  7 bats
  8 frilled lizards
  10 goblins
  8 rats
747 creatures vanquished.

Vanquished Creatures (collateral kills)
  An Ice Fiend (IceCv)
1 creature vanquished.

Vanquished Creatures (others)
  A deep elf pyromancer (Elf:1)
  A floating eye (Elf:1)
  2 killer bees
  35 fungi
  64 plants
103 creatures vanquished.

Grand Total: 851 creatures vanquished

Notes
Turn   | Place    | Note
-------+----------+-------------------------------------------
     0 | D:1      | magipi the Gargoyle Earth Elementalist began the quest for
                  | the Orb.
     0 | D:1      | Reached XP level 1. HP: 10/10 MP: 3/3
    39 | D:1      | Found Dosasir's Antique Weapon Shoppe.
   168 | D:1      | Reached skill level 1 in Transmutations
   195 | D:1      | Reached skill level 4 in Earth Magic
   195 | D:1      | Reached XP level 2. HP: 15/15 MP: 1/5
   451 | D:1      | Learned a level 2 spell: Passwall
   704 | D:1      | Found Goodofuo's General Store.
  1111 | D:2      | Reached XP level 3. HP: 16/19 MP: 2/6
  1282 | D:2      | Reached XP level 4. HP: 24/24 MP: 3/7
  1433 | D:2      | Reached skill level 5 in Earth Magic
  1752 | D:2      | HP: 1/24 [orc priest/divine providence (13)]
  1754 | D:2      | Reached XP level 5. HP: 2/28 MP: 2/9
  1863 | D:3      | Found a faded altar of an unknown god.
  1903 | D:3      | Found a glowing drain.
  1918 | Sewer    | Entered a sewer
  2025 | Sewer    | Learned a level 3 spell: Stone Arrow
  2187 | Sewer    | Reached skill level 1 in Conjurations
  2429 | Sewer    | Reached skill level 6 in Earth Magic
  2429 | Sewer    | Reached XP level 6. HP: 27/32 MP: 4/10
  2951 | D:3      | Got the Thoughts on the Wyrd
  3352 | D:4      | Noticed a black bear
  3458 | D:4      | Reached XP level 7. HP: 36/36 MP: 12/12
  3541 | D:4      | Identified the +2 falchion of Greed {holy, rPois rC+}
  3562 | D:4      | Noticed a steam dragon
  3569 | D:4      | HP: 1/36 [steam dragon (7)]
  3570 | D:4      | Killed a steam dragon
  3940 | D:4      | Reached skill level 7 in Earth Magic
  4094 | D:4      | Found a staircase to the Ecumenical Temple.
  4100 | Temple   | Entered the Ecumenical Temple
  4108 | Temple   | Became a worshipper of Vehumet
  4367 | D:5      | Entered Level 5 of the Dungeon
  4428 | D:5      | Reached skill level 5 in Conjurations
  4489 | D:5      | Reached XP level 8. HP: 41/41 MP: 14/14
  4863 | D:5      | Reached skill level 5 in Spellcasting
  4928 | D:5      | Reached skill level 8 in Earth Magic
  5305 | D:6      | Found an ancient bone altar of Kikubaaqudgha.
  5534 | D:6      | Reached * piety under Vehumet
  5534 | D:6      | Offered knowledge of Kiss of Death by Vehumet.
  5534 | D:6      | HP: 1/41 [wight/+2 great sword of protection (4)]
  5535 | D:6      | Reached XP level 9. HP: 1/45 MP: 18/18
  5742 | D:6      | Noticed Grinder
  5748 | D:6      | Killed Grinder
  5749 | D:6      | Reached skill level 9 in Earth Magic
  6215 | D:7      | Noticed a hornet
  6221 | D:7      | Killed a hornet
  6222 | D:7      | Reached skill level 10 in Earth Magic
  6249 | D:7      | Noticed Joseph
  6554 | D:6      | Reached skill level 10 in Conjurations
  6554 | D:6      | Reached XP level 10. HP: 43/51 MP: 19/19
  6622 | D:6      | Reached skill level 1 in Fighting
  7915 | D:7      | Killed Joseph
  8085 | D:7      | Found a sparkling altar of Nemelex Xobeh.
  8204 | D:7      | Noticed Menkaure
  8206 | D:7      | Killed Menkaure
  8243 | D:7      | Identified the +0 ring mail "Morid" {Str+3 Dex+2}
  8292 | D:7      | Reached skill level 5 in Fighting
  8562 | D:8      | Found a snail-covered altar of Cheibriados.
  8716 | D:8      | Reached ** piety under Vehumet
  8716 | D:8      | Offered knowledge of Shock by Vehumet.
  9545 | D:9      | Found Tucsuc's General Store.
  9605 | D:9      | Reached skill level 1 in Armour
  9605 | D:9      | Reached skill level 5 in Dodging
  9684 | D:9      | Found a shadowy altar of Dithmenos.
  9733 | D:9      | Found a flagged portal.
  9739 | D:9      | Offered knowledge of Ignite Poison by Vehumet.
  9743 | D:9      | You fall into a shaft and drop 2 floors!
  9754 | D:11     | Found a runed translucent door.
  9754 | D:11     | Noticed Alarkh's ghost (journeyman DsDe)
  9799 | D:10     | Entered Level 10 of the Dungeon
  9825 | D:10     | Noticed Gastronok
  9825 | D:10     | Noticed Urug
  9843 | D:10     | Killed Urug
  9844 | D:10     | Reached XP level 11. HP: 53/64 MP: 11/20
  9977 | Bailey   | Entered a bailey
 10168 | Bailey   | Reached *** piety under Vehumet
 10321 | Bailey   | Noticed an orc knight
 10321 | Bailey   | Noticed an orc knight
 10369 | Bailey   | Killed an orc knight
 10567 | Bailey   | Identified the +7 shadow dragon scales of Xeblyhepp {rElec
                  | Stlth++++}
 10794 | D:9      | Offered knowledge of Olgreb's Toxic Radiance by Vehumet.
 10804 | D:9      | Reached skill level 5 in Stealth
 10859 | D:9      | Found a broken altar of Ashenzari.
 10968 | D:9      | Found a staircase to the Lair.
 11025 | D:9      | Found a staircase to the Orcish Mines.
 11228 | D:9      | Reached skill level 5 in Armour
 11239 | D:9      | Learned a level 4 spell: Petrify
 11436 | D:10     | Noticed Harold
 11448 | D:10     | Killed Harold
 11662 | D:10     | Killed Gastronok
 11662 | D:10     | Reached **** piety under Vehumet
 11837 | D:10     | Noticed a two-headed ogre
 11926 | D:10     | Found an opulent altar of Gozag.
 11929 | D:10     | Found Diog's Magic Scroll Emporium.
 11937 | D:10     | Bought a scroll of identify for 28 gold pieces
 11937 | D:10     | Bought a scroll of identify for 28 gold pieces
 11937 | D:10     | Bought a scroll of identify for 28 gold pieces
 11937 | D:10     | Bought a scroll of blinking for 105 gold pieces
 11937 | D:10     | Bought a scroll of fear for 56 gold pieces
 12014 | D:10     | Killed a two-headed ogre
 12070 | D:10     | Found a hazy altar of Hepliaklqana.
 12071 | D:10     | Found a shimmering altar of Xom.
 12145 | D:10     | Reached skill level 11 in Earth Magic
 12422 | D:11     | Reached XP level 12. HP: 49/70 MP: 22/22
 12563 | D:11     | Noticed Nergalle
 12571 | D:11     | Killed Nergalle
 12711 | D:12     | Offered knowledge of Volatile Blastmotes by Vehumet.
 12736 | D:12     | Noticed a boulder beetle
 13229 | D:12     | Reached skill level 5 in Transmutations
 13232 | D:12     | Reached skill level 12 in Earth Magic
 13616 | D:12     | Killed a boulder beetle
 13793 | D:13     | Reached skill level 1 in Polearms
 14324 | D:13     | Noticed a six-headed hydra
 14330 | D:13     | Killed a six-headed hydra
 14463 | D:13     | Noticed a tengu warrior
 14803 | D:13     | Noticed a two-headed ogre
 14808 | D:13     | Killed a two-headed ogre
 14813 | D:13     | Killed a tengu warrior
 14926 | D:13     | Identified the +2 robe of Goupiogiq {rC++}
 15034 | D:13     | Noticed a two-headed ogre
 15040 | D:13     | Killed a two-headed ogre
 15041 | D:13     | Reached skill level 5 in Polearms
 15041 | D:13     | Reached XP level 13. HP: 78/78 MP: 25/25
 15648 | D:13     | Found a gate to the Vaults.
 16129 | D:14     | Found a portal to a secret trove of treasure.
 16357 | D:15     | Entered Level 15 of the Dungeon
 16523 | D:15     | Found a frozen archway.
 16532 | IceCv    | Entered an ice cave
 16656 | IceCv    | Reached ***** piety under Vehumet
 17154 | IceCv    | Offered knowledge of Spellforged Servitor by Vehumet.
 17347 | IceCv    | Reached skill level 10 in Fighting
 17835 | IceCv    | Noticed an Ice Fiend
 17839 | IceCv    | Found the +8 frozen axe "Frostbite" {freeze, freezing
                  | cloud, *Noise Fly rC+}
 17848 | IceCv    | Killed an Ice Fiend
 17943 | IceCv    | Identified the +1 arbalest of Understanding {speed, Will+
                  | MP+9 Dex+2}
 18107 | D:15     | Found a white marble altar of Elyvilon.
 18215 | D:15     | Found a transporter.
 18227 | D:15     | Noticed SafestHooves's ghost (journeyman CeMo)
 18330 | D:15     | Found a transporter.
 18376 | D:15     | Noticed a dire elephant
 18507 | D:15     | Reached skill level 10 in Spellcasting
 18507 | D:15     | Gained mutation: Your large and strong wings let you fly.
                  | [Gargoyle growth]
 18507 | D:15     | Reached XP level 14. HP: 87/88 MP: 21/28
 18602 | D:15     | Reached skill level 1 in Evocations
 18663 | D:15     | Killed a dire elephant
 18786 | D:15     | Found a staircase to the Depths.
 18926 | Orc:1    | Entered Level 1 of the Orcish Mines
 19251 | Orc:1    | Noticed Erolcha
 19270 | Orc:1    | Killed Erolcha
 19480 | Orc:2    | Entered Level 2 of the Orcish Mines
 19556 | Orc:1    | Paralysed by an orc sorcerer for 4 turns
 19910 | Orc:2    | Found Yvvaer's Magic Scroll Shop.
 19921 | Orc:2    | Bought a scroll of teleportation for 45 gold pieces
 19921 | Orc:2    | Bought a scroll of teleportation for 45 gold pieces
 20251 | Orc:2    | Reached skill level 1 in Axes
 20287 | Orc:2    | Found Ynugri's Magic Scroll Emporium.
 20299 | Orc:2    | Bought a scroll of blinking for 82 gold pieces
 20299 | Orc:2    | Bought a scroll of teleportation for 33 gold pieces
 20299 | Orc:2    | Bought a scroll of teleportation for 33 gold pieces
 20299 | Orc:2    | Bought a scroll of magic mapping for 82 gold pieces
 20299 | Orc:2    | Bought a scroll of magic mapping for 82 gold pieces
 20299 | Orc:2    | Bought a scroll of magic mapping for 82 gold pieces
 20299 | Orc:2    | Bought a scroll of fog for 44 gold pieces
 20336 | Orc:2    | Found a staircase to the Elven Halls.
 20373 | Orc:2    | Reached skill level 5 in Evocations
 20376 | Orc:2    | Offered knowledge of Lee's Rapid Deconstruction by Vehumet.
 20402 | Orc:2    | Learned a level 5 spell: Lee's Rapid Deconstruction
 20908 | Orc:2    | Noticed an orc warlord
 21090 | Orc:2    | Killed an orc warlord
 21091 | Orc:2    | Reached skill level 1 in Short Blades
 21248 | Orc:2    | Found Atiecs's Antique Weapon Shop.
 21252 | Orc:2    | Found Wynonk's Antique Armour Boutique.
 21257 | Orc:2    | Bought an opalescent robe for 165 gold pieces
 21257 | Orc:2    | Identified the +2 robe of the Iron Devil {rN+ Int+3 Slay-6}
                  | (You bought it in a shop on level 2 of the Orcish Mines)
 21325 | Lair:1   | Entered Level 1 of the Lair of Beasts
 22593 | Lair:2   | Offered knowledge of Iron Shot by Vehumet.
 22695 | Lair:2   | Noticed Sonja
 22697 | Lair:2   | Sonja changed into Sonja the water moccasin
 22697 | Lair:2   | Noticed Sonja
 22699 | Lair:2   | Killed Sonja the water moccasin
 23150 | Lair:2   | Learned a level 6 spell: Iron Shot
 23472 | Lair:2   | Found a staircase to the Swamp.
 23638 | Lair:3   | Found a basalt altar of Yredelemnul.
 23685 | Lair:3   | Reached XP level 15. HP: 76/92 MP: 23/29
 23956 | Lair:3   | Found a hole to the Spider Nest.
 24438 | Lair:3   | Found a runed translucent door.
 25606 | Lair:4   | Offered knowledge of Arcjolt by Vehumet.
 26448 | Lair:5   | Entered Level 5 of the Lair of Beasts
 26593 | Lair:5   | Found a runed translucent door.
 26695 | Lair:5   | Reached skill level 5 in Short Blades
 26723 | Lair:5   | Found a runed translucent door.
 27139 | Lair:5   | Found a viscous altar of Jiyva.
 27141 | Lair:5   | Found a staircase to the Slime Pits.
 27401 | Lair:5   | Identified the +1 mace "Yfforilu" {flame, Fly Str+2 Dex-3}
 27561 | Elf:1    | Entered Level 1 of the Elven Halls
 27561 | Elf:1    | Noticed a deep elf sorcerer
 27561 | Elf:1    | Found a runed translucent gate.
 27561 | Elf:1    | Found a runed translucent gate.
 27561 | Elf:1    | Found a runed translucent gate.
 27561 | Elf:1    | Found a runed translucent gate.
 27561 | Elf:1    | Found a runed translucent gate.
 27561 | Elf:1    | Found a runed translucent gate.
 27567 | Elf:1    | Found a runed translucent door.
 27828 | Elf:1    | Reached skill level 13 in Earth Magic
 28050 | Elf:1    | Found a runed translucent door.
 28059 | Elf:1    | Killed a deep elf sorcerer
 28071 | Elf:1    | Identified the amulet of Xom's Capriciousness {Spirit
                  | Rampage Will+ Str-5}
 28204 | Orc:2    | Paralysed by an air elemental for 1 turns
 28628 | Orc:2    | Found a staircase to the Elven Halls.
 28716 | Orc:2    | Reached XP level 16. HP: 92/97 MP: 22/30
 28876 | Orc:2    | Found Ynugri's Magic Scroll Emporium.
 28998 | Orc:2    | Found Wynonk's Antique Armour Boutique.
 29002 | Orc:2    | Found Atiecs's Antique Weapon Shop.
 29187 | Orc:2    | Found Yvvaer's Magic Scroll Shop.
 29397 | Elf:1    | Offered knowledge of Eringya's Noxious Bog by Vehumet.
 29597 | Elf:1    | HP: 2/97 [+6 battleaxe of flaming (11)]
 29597 | Elf:1    | Slain by a +6 battleaxe of flaming

Illustrated notes

Levels and vault maps discovered:
D:1:      evilmike_arrival_hilbert_curve, layout_basic, serial_shops,
          nicolae_square_shop, shop, patterned_corridor
D:2:      layout_basic, kennysheep_generic_room_13
D:3:      layout_rooms, basic_ecumenical_altar, cheibrodos_sewer_entry_bend,
          minivault_5, kennysheep_decorative_pillar
D:4:      layout_gridville, minmay_temple_entry_fiery, serial_glass,
          glass_columns_a, glass_columns_a
D:5:      layout_loops_cross, hangedman_abyss_or_decor_jellyfish_corner,
          guppyfry_early_orc_mine
D:6:      layout_basic, mainiacjoe_overflow_alcove_1, uniq_grinder
D:7:      layout_rooms, nemelex_diamond_rough_becter, nrook_loot_triangle,
          st_stairs_10, minmay_misc_feat_doors, glass_columns_c, uniq_joseph,
          uniq_menkaure
D:8:      layout_basic, slow_altar_1, fountainhead
D:9:      layout_irregular_city, nicolae_ashenzari_skybound,
          mainiacjoe_overflow_brackets, lair_entry_dummy, orc_0_dummy,
          serial_shops, shop, enter_bailey_5
D:10:     layout_roguey, regret_index_temple_of_mockery,
          mainiacjoe_overflow_tiny_flanked, serial_shops, shop, uniq_harold,
          uniq_gastronok, uniq_urug
D:11:     layout_cave_pools, hellmonk_ghost_big_iron, uniq_nergalle
D:12:     layout_loops_ring
D:13:     layout_long_grid, david_vaults_4, minmay_fractal_squares_gapless_5
D:14:     layout_roguey, minmay_misc_feat_secret_circle,
          nicolae_trove_entry_isolated, lemuel_flame_loot_1
D:15:     hangedman_depths_entry_try_elsewhere_first, layout_cross,
          nzn_ghost_randoct, portal_ice_cave_entry_horrid_things,
          nicolae_elyvilon_temple_path
Temple:   nicolae_temple_great_sept
Lair:1:   layout_hall_layers, serial_bayou_lake_a
Lair:2:   layout_misc_corridors, nicolae_swamp_entry_splash_gauntlet,
          grunt_megastairs_2, lemuel_fruit_tree, infiniplex_staircase_pool,
          serial_bayou_shore_a, uniq_sonja
Lair:3:   layout_regular_city, spider_nest_entry_rubble, basic_altar,
          minivault_24, pdpol_lair_cabin_in_the_woods
Lair:4:   hangedman_what_comes_after_a, layout_small_grid, minmay_holes,
          st_stairs_8
Lair:5:   wormcave, layout_misc_corridors, slime_entry_2,
          grunt_forest_small_clearings
Orc:1:    layout_caves, uniq_erolcha
Orc:2:    grunt_orc_community_town_hall, layout_caves,
          grunt_orc_community_big_house_2, grunt_orc_community_big_house_2,
          grunt_orc_community_house_2, grunt_orc_community_house_1,
          grunt_orc_community_house_1, grunt_orc_community_house_1,
          grunt_orc_community_house_3, grunt_orc_community_house_2, basic_altar,
          enter_volcano_1
Elf:1:    nicolae_elf_arrival_dilemma, layout_loops_cross, minivault_28,
          onia_ninara_cookie

Skill      XL: |  1  2  3  4  5  6  7  8  9 10 11 12 13 14 15 16 |
---------------+-------------------------------------------------+-----
Transmutations | 1 2 4 6 |  6.0
Earth Magic    | 4 5 6 7 8 10 11 12 13 | 13.4
Spellcasting   | 3 4 6 7 8 10 | 10.0
Conjurations   | 2 3 5 6 10 11 | 11.5
Fighting       | 6 8 10 | 10.0
Dodging        | 5 6 |  6.0
Armour         | 2 5 |  5.0
Stealth        | 3 5 6 8 9 |  9.1
Polearms       | 5 8 9 |  9.2
Evocations     | 6 8 |  8.2
Axes           | 4 |  4.9
Short Blades   | 3 5 6 |  6.0

Action                     |  1- 3 |  4- 6 |  7- 9 | 10-12 | 13-15 | 16-18 || total
---------------------------+-------+-------+-------+-------+-------+-------++-------
  Melee: Unarmed           |     6 |       |       |       |       |       ||     6
         Dagger            |       |       |     4 |    11 |    70 |       ||    85
         Punch             |       |       |       |       |     6 |       ||     6
         Demon trident     |       |       |       |       |   290 |     1 ||   291
   Cast: Sandblast         |    43 |   131 |   124 |   255 |   425 |    22 ||  1000
         Stone Arrow       |       |       |    14 |   150 |   294 |     2 ||   460
         Passwall          |       |       |     2 |       |     3 |       ||     5
         Petrify           |       |       |       |     6 |     3 |       ||     9
         Lee's Rapid Decon |       |       |       |       |    99 |    19 ||   118
  Evoke: Lightning rod     |       |       |       |     6 |     8 |       ||    14
         Wand              |       |       |       |     2 |    12 |     1 ||    15
         Phial of floods   |       |       |       |       |     2 |       ||     2
    Use: Scroll            |       |       |     1 |    28 |    13 |       ||    42
         Potion            |       |       |       |       |     7 |     2 ||     9
   Stab: Sleeping          |       |       |     3 |     2 |    12 |       ||    17
         Petrified         |       |       |       |     6 |    15 |       ||    21
 Armour: Robe              |     9 |    14 |    42 |   118 |   497 |    20 ||   700
  Dodge: Dodged            |    26 |    39 |    76 |   229 |   741 |    22 ||  1133

Action                     |  1- 3 |  4- 6 |  7- 9 | 10-12 | 13-15 | 16-18 || total
---------------------------+-------+-------+-------+-------+-------+-------++-------
  Melee: Unarmed           |     6 |       |       |       |       |       ||     6
         Dagger            |       |       |     4 |    11 |    70 |       ||    85
         Punch             |       |       |       |       |     6 |       ||     6
         Demon trident     |       |       |       |       |   290 |     1 ||   291
   Cast: Sandblast         |    43 |   131 |   124 |   255 |   425 |    22 ||  1000
         Stone Arrow       |       |       |    14 |   150 |   294 |     2 ||   460
         Passwall          |       |       |     2 |       |     3 |       ||     5
         Petrify           |       |       |       |     6 |     3 |       ||     9
         Lee's Rapid Decon |       |       |       |       |    99 |    19 ||   118
  Evoke: Lightning rod     |       |       |       |     6 |     8 |       ||    14
         Wand              |       |       |       |     2 |    12 |     1 ||    15
         Phial of floods   |       |       |       |       |     2 |       ||     2
    Use: Scroll            |       |       |     1 |    28 |    13 |       ||    42
         Potion            |       |       |       |       |     7 |     2 ||     9
   Stab: Sleeping          |       |       |     3 |     2 |    12 |       ||    17
         Petrified         |       |       |       |     6 |    15 |       ||    21
 Armour: Robe              |     9 |    14 |    42 |   118 |   497 |    20 ||   700
  Dodge: Dodged            |    26 |    39 |    76 |   229 |   741 |    22 ||  1133
